 Dungeon Crawl Stone Soup version 0.18.1-50-g88ac8fd (webtiles) character file.

152719 varam the Imperceptible (level 17, -13/91 HPs)
             Began as a Spriggan Enchanter on Oct 8, 2016.
             Was a High Priest of Ashenzari.
             Killed from afar by a merfolk aquamancer (39 damage)
             ... with a great wave of water
             ... on level 1 of the Shoals.
             The game lasted 04:35:20 (49581 turns).

varam the Imperceptible (Spriggan Enchanter)       Turns: 49581, Time: 04:35:21

Health: -13/91     AC:  5    Str:  4    XL:     17   Next: 3%
Magic:  28/33      EV: 34    Int: 22    God:    Ashenzari [*****.]
Gold:   3468       SH:  3    Dex: 18    Spells: 10 memorised, 7 levels left

rFire  + . .     SeeInvis +     H - +4 dagger (pain) (curse)
rCold  . . .     Gourm    .     A - +2 robe {rF+} (curse)
rNeg   . . .     Faith    .     (shield restricted)
rPois  +         Spirit   .     P - +0 hat (curse)
rElec  .         Dismiss  .     O - +0 cloak (curse)
rCorr  .         Reflect  +     (gloves unavailable)
SustAt .         Harm     .     (boots unavailable)
MR     ++...     Clarity  +     w - +3 amulet of reflection (curse)
Stlth  ++++++....               t - ring of flight
                                g - ring of poison resistance (curse)

@: very slightly contaminated, repel missiles, very quick, very resistant to
hostile enchantments, very stealthy
A: unfitting armour, see invisible, herbivore 3, speed 3, slow metabolism 2
a: Curse Item, Scrying, Transfer Knowledge, Renounce Religion, Evoke Flight


You were on level 1 of the Shoals.
You worshipped Ashenzari.
Ashenzari was extremely pleased with you.
You were not hungry.

You visited 5 branches of the dungeon, and saw 28 of its levels.
You also visited: Labyrinth and Ice Cave.

You collected 3534 gold pieces.
You spent 66 gold pieces at shops.

Inventory:

Hand Weapons
 q - a +2 short sword of speed
 y - a +0 short sword of distortion
 H - a cursed +4 dagger of pain (weapon)
Missiles
 i - 6 silver tomahawks
 Q - 47 tomahawks (quivered)
Armour
 b - a +0 buckler
 A - a cursed +2 robe of fire resistance (worn)
 O - a cursed +0 cloak (worn)
 P - a cursed +0 hat (worn)
Rods
 l - a +5 rod of inaccuracy (10/10)
   (You took it off a minotaur in a labyrinth)
Jewellery
 c - the amulet of Futigep {rF+ Regen+}
   (You found it on level 1 of the Elven Halls)

   [amulet of regeneration]

   It protects you from fire.
   It increases your rate of regeneration.
 g - a cursed ring of poison resistance (left hand)
 t - a ring of flight (right hand)
 w - a cursed +3 amulet of reflection (around neck)
Wands
 s - a wand of paralysis (12/24)
 C - a wand of confusion (24/48)
 E - a wand of teleportation (3/9)
 R - a wand of teleportation (3/9)
Scrolls
 e - 14 scrolls of teleportation
 f - a scroll of identify
 o - 6 scrolls of magic mapping
 u - a scroll of amnesia
 v - 8 scrolls of fog
 W - a scroll of holy word
 Y - 2 scrolls of enchant armour
Potions
 a - a potion of flight
 h - a potion of invisibility
 k - 2 potions of might
 m - 2 potions of haste
 n - 3 potions of heal wounds
 p - a potion of agility
 D - 9 potions of curing
Books
 j - a book of Annihilations

   Spells                             Type                      Level
   a - Poison Arrow                   Conjuration/Poison           6
   b - Chain Lightning                Conjuration/Air              8
   c - Lehudib's Crystal Spear        Conjuration/Earth            8
   d - Glaciate                       Conjuration/Ice              9
   e - Fire Storm                     Conjuration/Fire             9
Miscellaneous
 r - a plain deck of changes {drawn: 1}
 F - a box of beasts {used: 1}
 Z - a phial of floods (inert)
Comestibles
 d - 11 bread rations
 x - 20 fruits


   Skills:
 - Level 11.2 Fighting
 - Level 8.0(12.0) Short Blades
 - Level 15.7(19.1) Dodging
 * Level 21.7(24.6) Stealth
 - Level 11.4 Spellcasting
 - Level 10.0(12.4) Hexes
 - Level 0.8(2.2) Charms
 + Level 14.1(16.4) Air Magic


You had 7 spell levels left.
You knew the following spells:

 Your Spells              Type           Power        Failure   Level  Hunger
a - Ensorcelled Hibernat  Hex/Ice        #####.       1%          2    None
b - Corona                Hex            ######.      1%          1    None
c - Confuse               Hex            ######..     1%          3    None
d - Dazzling Spray        Conj/Hex       #####.       1%          3    None
f - Repel Missiles        Chrm/Air       ######       1%          2    None
g - Tukima's Dance        Hex            ######..     1%          3    None
h - Conjure Flame         Conj/Fire      ##......     14%         3    None
i - Blink                 Tloc           N/A          10%         2    None
j - Tornado               Air            ######....   100%        9    #######
k - Gell's Gravitas       Hex/Tloc       #####.....   1%          3    None


Dungeon Overview and Level Annotations

Branches:
Dungeon (15/15)            Temple (0/1) D:7            Lair (8/8) D:10
 Shoals (1/4) Lair:4       Spider (0/4) Lair:5        Slime (0/6) Lair:7
    Orc (2/2) D:9             Elf (2/3) Orc:2        Vaults (0/5) D:13
 Depths (0/5) D:15

Altars:
Ashenzari
Dithmenos
Fedhas
Kikubaaqudgha
Makhleb
Nemelex Xobeh
Sif Muna
Trog
Vehumet
Xom
Yredelemnul
Zin
The Shining One
Beogh
Jiyva

Shops:
D:12 (   Orc:2 [(=*   Elf:1 :

Annotations:
D:14 1 runed door, exclusion: obsidian statue
Lair:3 exclusion: oklob plant
Orc:1 Agnes
Elf:2 Louise


Innate Abilities, Weirdness & Mutations

You are tiny and cannot use many weapons and most armour.
You have supernaturally acute eyesight.
You are a herbivore.
You cover ground extremely quickly.
You need consume almost no food.


Message History

Aim: a merfolk aquamancer, wielding a rapier and wearing a robe The spray of energy hits the merfolk aquamancer.
The merfolk aquamancer is moderately wounded.
The spray of energy hits the water elemental.
The water elemental is moderately damaged.
The spray of energy hits the plant.
You enter the shallow water.
Moving in this stuff is going to be slow.
The merfolk aquamancer points at you and mumbles some strange words.
The great wave of water hits you!
* * * LOW HITPOINT WARNING * * *
You are knocked back by the great wave of water.
The wave splashes down.
Splash!
You fall into the shallow water.
Moving in this stuff is going to be slow.
You hear an angry hiss.
You hear a shout! x3
The merfolk aquamancer points at you and mumbles some strange words.
The great wave of water hits you!
You die...

≈ ≈≈≈≈≈≈≈≈≈≈≈(.≈.......≈≈≈≈≈≈≈
≈ ≈≈
≈≈≈≈≈≈≈)(≈≈)....≈≈.≈≈≈≈≈≈≈≈ ≈
≈≈≈≈≈≈≈≈≈(≈).....≈.≈.≈≈≈≈ ≈ ≈≈
≈≈≈≈≈≈≈≈≈≈().....≈...≈≈≈≈ ≈
≈≈≈≈≈≈≈≈≈..≈...(<.≈..≈≈≈ ≈,≈
≈≈≈ ≈≈≈≈≈≈≈≈≈≈≈≈≈≈(.......≈≈≈≈
≈ ≈≈≈≈≈≈≈≈≈≈≈≈≈≈≈≈≈.....≈≈≈≈ ≈
≈≈≈≈≈≈≈≈≈≈≈≈≈≈≈≈......≈≈≈≈≈≈≈
≈ ≈≈ PP≈P≈≈≈≈≈≈≈@.(....##.≈≈≈
≈≈ ≈ PPP≈≈≈≈≈≈≈≈≈.....###..≈≈
, ≈ ≈≈
PPP≈≈≈≈≈.....≈..≈.....≈.≈≈≈
≈≈P.P.≈≈.......≈≈.......≈≈≈≈,,
≈ ..##≈≈..##.........≈≈≈≈ ≈,,*
≈ ≈.##.≈≈Em###.###.)......,,
≈≈ ≈P.≈≈≈..###.###>.#..... ≈ ≈
≈≈≈≈≈≈≈≈≈≈E.......####..≈≈ , ≈
≈ ≈≈≈≈≈P≈....≈≈≈. * #.≈ ,,


You could see a merfolk aquamancer and a water elemental.

Vanquished Creatures
  2 orc warlords (Orc:2)
  Maud (D:15)
  A frost giant (IceCv)
  The ghost of feelmyfire the Tortoise, a journeyman MiFi of Okawaru (Lair:8)
  An ironheart preserver (D:15)
  A stone giant (D:9)
  Nessos (Lair:8)
  The ghost of Galewin the Severer, a journeyman MiBe of Trog (D:15)
  A minotaur (Lab)
  Snorg (Orc:2)
  Josephine (Lair:8)
  The ghost of HopefulHyena the Severer, a journeyman MiFi of the Shining One (D:15)
  The ghost of Chiseanne the Fighter, a journeyman CeAE of Gozag (D:11)
  Erolcha (D:8)
  Harold (D:11)
  10 hydras
  An ice dragon (D:15)
  Erica (D:8)
  A catoblepas (Lair:3)
  4 centaur warriors
  A dancing weapon (Elf:1)
  A tengu warrior (D:15)
  9 death yaks
  2 orc high priests (Orc:2)
  Urug (D:13)
  Nergalle (Orc:1)
  Sonja (Lair:3)
  8 deep elf knights
  A shadow wraith (D:13)
  2 unseen horrors
  A deep troll (D:13)
  2 wizards
  A small abomination (Elf:1)
  5 deep elf archers (Elf:1)
  10 hill giants
  5 orc knights
  A necromancer (Lair:7)
  3 wolf spiders
  A mana viper (shapeshifter) (D:15)
  3 fauns (Shoals:1)
  3 orc sorcerers (Orc:2)
  A griffon (Lair:8)
  10 ugly things
  23 deep elf magi
  3 cyclopes
  11 slime creatures
  2 hornets (Lair:8)
  12 elephants
  A manticore (shapeshifter) (D:10)
  2 manticores
  15 black mambas
  A torpor snail (Lair:4)
  A guardian serpent (Lair:8)
  A gargoyle (D:13)
  25 spiny frogs
  A yaktaur (shapeshifter) (Orc:2)
  2 kobold demonologists (D:15)
  9 komodo dragons
  An efreet (D:13)
  A freezing wraith (D:15)
  A merfolk (Shoals:1)
  10 trolls
  3 two-headed ogres
  A tengu conjurer (D:15)
  26 polar bears
  A harpy zombie (D:15)
  7 raiju (Lair:8)
  A hornet zombie (D:13)
  Prince Ribbit (D:8)
  12 blink frogs
  Sigmund (D:5)
  6 wraiths
  2 shadows
  5 redbacks
  4 water elementals
  2 vampires
  6 wyverns
  A spriggan (shapeshifter) (Orc:2)
  57 yaks
  12 hippogriffs
  5 basilisks
  2 steam dragons
  6 hungry ghosts
  3 vampire mosquitoes (D:12)
  Edmund (D:5)
  Menkaure (D:5)
  A mottled dragon (D:13)
  9 wargs
  A soldier ant (D:15)
  21 water moccasins
  2 hell hounds (Lair:8)
  Duvessa (D:5)
  7 porcupines
  39 orc warriors
  6 ice beasts
  4 wasps
  19 black bears
  An eye of draining (D:12)
  6 sky beasts
  A necrophage (D:6)
  16 ogres
  7 phantoms
  10 centaurs
  42 wolves
  20 crocodiles
  2 big kobolds
  23 giant frogs
  Blork the orc (D:5)
  2 earth elementals
  Dowan (D:5)
  A wyvern skeleton (D:7)
  3 scorpions
  9 killer bees
  16 wights
  3 electric eels (Lair:7)
  A vampire bat (Lair:6)
  5 howler monkeys
  3 giant frog zombies
  5 centaur zombies
  6 crimson imps
  A quasit (D:10)
  A basilisk zombie (Lair:7)
  18 hounds
  16 orc priests
  9 jellies
  3 centaur skeletons
  22 orc wizards
  5 iguanas
  15 worker ants
  A killer bee zombie (D:9)
  8 sheep (Lair:3)
  A howler monkey zombie (D:5)
  2 worker ant zombies
  22 adders
  4 gnolls
  58 river rats
  A shadow imp (D:14)
  2 white imps (D:15)
  6 oozes
  An adder zombie (D:6)
  An adder skeleton (D:5)
  6 worms
  3 dart slugs
  8 giant geckos
  90 orcs
  6 giant cockroaches
  6 goblins
  6 hobgoblins
  13 jackals
  10 kobolds
  6 quokkas
  4 ball pythons
  8 bats
  9 giant newts
  2 gnoll zombies (D:8)
  A quokka skeleton (D:6)
  4 rats
  A fungus (Lair:8)
  2 plants (Lair:8)
1070 creatures vanquished.

Vanquished Creatures (collateral kills)
  A deep elf high priest (Elf:1)
  2 deep elf archers (Elf:1)
  2 deep elf magi (Elf:1)
  A hell hound (Lair:8)
  A wight (D:13)
  4 orcs
11 creatures vanquished.

Vanquished Creatures (others)
  A polar bear (IceCv)
  A dancing weapon (Elf:1)
  A troll (Orc:1)
  2 yaks (IceCv)
  5 wolves (IceCv)
  A killer bee (D:10)
  2 orcs
  A bush (Lair:5)
  44 fungi
  36 plants
94 creatures vanquished.

Grand Total: 1175 creatures vanquished

Notes
Turn   | Place    | Note
--------------------------------------------------------------
     0 | D:1      | varam the Spriggan Enchanter began the quest for the Orb.
     0 | D:1      | Reached XP level 1. HP: 9/9 MP: 5/5
   529 | D:1      | Reached XP level 2. HP: 11/13 MP: 4/6
   591 | D:1      | Reached skill level 5 in Stealth
   993 | D:2      | Reached XP level 3. HP: 16/16 MP: 8/8
  1492 | D:2      | Reached skill level 6 in Stealth
  1496 | D:2      | Learned a level 2 spell: Ensorcelled Hibernation
  1500 | D:2      | Learned a level 3 spell: Confuse
  1652 | D:2      | Found a faded altar to an unknown god.
  2160 | D:2      | Became a worshipper of Ashenzari the Shackled
  2160 | D:2      | Reached * piety under Ashenzari
  2256 | D:2      | Reached XP level 4. HP: 21/21 MP: 7/9
  2508 | D:3      | Found a radiant altar of Vehumet.
  2848 | D:3      | Found a shimmering altar of Xom.
  2986 | D:3      | Found a glowing golden altar of the Shining One.
  3168 | D:4      | Reached ** piety under Ashenzari
  3534 | D:4      | Reached skill level 7 in Stealth
  3663 | D:4      | Noticed an ogre
  3672 | D:4      | Killed an ogre
  3672 | D:4      | Reached XP level 5. HP: 23/24 MP: 0/10
  3706 | D:4      | Found a glowing silver altar of Zin.
  3748 | D:4      | Found a sparkling altar of Nemelex Xobeh.
  3760 | D:4      | Noticed an ogre
  3938 | D:4      | Reached XP level 6. HP: 28/28 MP: 3/11
  3971 | D:4      | Found a blossoming altar of Fedhas.
  4004 | D:4      | Reached skill level 8 in Stealth
  4138 | D:4      | Reached skill level 5 in Hexes
  4519 | D:5      | Entered Level 5 of the Dungeon
  4521 | D:5      | Noticed Sigmund
  4525 | D:5      | Killed Sigmund
  4525 | D:5      | Reached XP level 7. HP: 32/32 MP: 12/14
  4532 | D:5      | Found an ancient bone altar of Kikubaaqudgha.
  4576 | D:5      | Learned a level 3 spell: Dazzling Spray
  4762 | D:5      | Found a shattered altar of Ashenzari.
  4826 | D:5      | Noticed Menkaure
  4829 | D:5      | Killed Menkaure
  4911 | D:5      | Noticed Edmund
  4913 | D:5      | Reached skill level 1 in Fighting
  4927 | D:5      | Killed Edmund
  4927 | D:5      | Reached XP level 8. HP: 38/38 MP: 8/15
  4950 | D:5      | Noticed Blork the orc
  4955 | D:5      | Noticed Duvessa
  4971 | D:5      | Killed Blork the orc
  4971 | D:5      | Reached skill level 5 in Dodging
  4974 | D:5      | Noticed Dowan
  5005 | D:5      | Killed Duvessa
  5019 | D:5      | Killed Dowan
  5550 | D:5      | Found a burning altar of Makhleb.
  6895 | D:6      | Reached XP level 9. HP: 46/46 MP: 13/16
  6930 | D:7      | Reached *** piety under Ashenzari
  6946 | D:7      | Got the spear "Demonslayer" {elec, Str+4 Int-3 Stlth+}
  6951 | D:7      | Identified the +7 spear "Demonslayer" {elec, Str+4 Int-3 Stlth+} (You found it on level 7 of the Dungeon)
  7267 | D:7      | Found a staircase to the Ecumenical Temple.
  7922 | D:7      | Reached skill level 5 in Short Blades
  7922 | D:7      | Reached skill level 9 in Stealth
  8690 | D:8      | Found a basalt altar of Yredelemnul.
  8899 | D:8      | Noticed Erolcha
  8918 | D:8      | Killed Erolcha
  8918 | D:8      | Reached skill level 11 in Stealth
  8924 | D:8      | Found a deep blue altar of Sif Muna.
  8974 | D:8      | Found a shadowy altar of Dithmenos.
  9035 | D:8      | Noticed Erica
  9056 | D:8      | Killed Erica
  9056 | D:8      | Reached skill level 12 in Stealth
  9056 | D:8      | Reached XP level 10. HP: 46/51 MP: 6/17
  9310 | D:8      | Noticed Prince Ribbit
  9318 | D:8      | Killed Prince Ribbit
  9674 | D:9      | Reached skill level 5 in Spellcasting
  9752 | D:9      | Reached skill level 5 in Fighting
  9756 | D:9      | Noticed a hill giant
  9766 | D:9      | Noticed a deep elf mage
  9783 | D:10     | Entered Level 10 of the Dungeon
  9796 | D:10     | Reached **** piety under Ashenzari
  9909 | D:10     | Noticed a hill giant
  9912 | D:10     | Killed a hill giant
 10519 | D:10     | Noticed an unseen horror
 10546 | D:10     | Killed an unseen horror
 10575 | D:10     | Noticed a hill giant
 10656 | D:10     | Killed a hill giant
 10660 | D:10     | Reached XP level 11. HP: 56/56 MP: 7/22
 10673 | D:10     | Reached skill level 10 in Dodging
 10984 | D:10     | Found a staircase to the Lair.
 11300 | D:10     | Reached skill level 10 in Hexes
 11696 | D:11     | Noticed a hill giant
 11717 | D:11     | Noticed a centaur warrior
 11737 | D:11     | Killed a hill giant
 11997 | D:11     | Killed a centaur warrior
 11997 | D:11     | Reached skill level 13 in Stealth
 12123 | D:11     | Noticed a white ugly thing
 12287 | D:11     | Noticed Chiseanne's ghost (journeyman CeAE)
 12317 | D:11     | Killed Chiseanne's ghost
 12403 | D:11     | Noticed Harold
 12407 | D:11     | Killed Harold
 12407 | D:11     | Reached skill level 14 in Stealth
 12595 | D:12     | Found a roughly hewn altar of Beogh.
 12712 | D:11     | Noticed a deep elf mage
 12888 | D:11     | Killed a deep elf mage
 12912 | D:11     | Killed a white ugly thing
 13324 | D:12     | Reached skill level 15 in Stealth
 13680 | D:12     | Reached XP level 12. HP: 61/61 MP: 19/23
 14126 | D:12     | Found Riahi Yca's Antique Weapon Shop.
 14342 | D:12     | Reached skill level 16 in Stealth
 14817 | D:12     | Reached ***** piety under Ashenzari
 15024 | D:12     | Noticed a centaur warrior
 15037 | D:12     | Reached skill level 15 in Dodging
 15063 | D:13     | Noticed Urug
 15067 | D:13     | Killed Urug
 15100 | D:13     | Noticed a centaur warrior
 15257 | D:13     | Reached skill level 17 in Stealth
 15411 | D:12     | Killed a centaur warrior
 15852 | Lair:1   | Entered Level 1 of the Lair of Beasts
 16029 | Lair:1   | Reached skill level 18 in Stealth
 16789 | Lair:2   | Noticed a four-headed hydra
 16814 | Lair:2   | Killed a four-headed hydra
 16814 | Lair:2   | Reached XP level 13. HP: 65/65 MP: 16/24
 18210 | Lair:3   | Noticed Sonja
 18220 | Lair:3   | Killed Sonja
 18220 | Lair:3   | Reached skill level 19 in Stealth
 19544 | Lair:4   | Found a labyrinth entrance.
 19549 | Lab      | Entered a labyrinth
 19675 | Lab      | Noticed a minotaur
 19688 | Lab      | Killed a minotaur
 19906 | Lab      | Reached ****** piety under Ashenzari
 20403 | Lair:4   | Found a staircase to the Shoals.
 20981 | Lair:4   | Reached skill level 20 in Stealth
 22073 | Lair:5   | Found a hole to the Spider Nest.
 22116 | Lair:5   | Learned a level 2 spell: Slow
 22119 | Lair:5   | Learned a level 2 spell: Repel Missiles
 22262 | Lair:5   | Learned a level 3 spell: Tukima's Dance
 22266 | Lair:5   | Learned a level 3 spell: Conjure Flame
 22281 | Lair:5   | Learned a level 2 spell: Blink
 22284 | Lair:5   | Learned a level 2 spell: Searing Ray
 23238 | Lair:6   | Reached XP level 14. HP: 64/75 MP: 21/25
 23389 | Lair:6   | Identified the +3 shortbow "Kanay" {flame, rPois MR- MP+9}
 23507 | Lair:6   | Reached skill level 21 in Stealth
 25439 | Lair:6   | Identified the +0 hand axe "Hymev" {holy, MR+}
 25878 | Lair:7   | Found a staircase to the Slime Pits.
 25882 | Lair:7   | Found a viscous altar of Jiyva.
 25915 | Lair:7   | Learned a level 3 spell: Gell's Gravitas
 26061 | Lair:7   | Reached skill level 10 in Fighting
 26750 | Lair:8   | Entered Level 8 of the Lair of Beasts
 26908 | Lair:7   | Reached skill level 22 in Stealth
 27008 | Lair:8   | Noticed Josephine
 27578 | Lair:8   | Noticed feelmyfire's ghost (journeyman MiFi)
 28250 | Lair:8   | Noticed Nessos
 28506 | Lair:8   | Killed Nessos
 29750 | Lair:8   | Killed feelmyfire's ghost
 29979 | Lair:8   | Reached skill level 23 in Stealth
 30212 | Lair:8   | Reached XP level 15. HP: 83/83 MP: 15/26
 30581 | Lair:8   | Reached skill level 1 in Air Magic
 32377 | Lair:8   | Killed Josephine
 32377 | Lair:8   | Reached skill level 24 in Stealth
 32821 | D:9      | Found a staircase to the Orcish Mines.
 33549 | Lair:7   | Learned a level 2 spell: Repel Missiles
 34517 | Orc:1    | Entered Level 1 of the Orcish Mines
 35341 | Orc:1    | Noticed Nergalle
 35358 | Orc:1    | Killed Nergalle
 35814 | Orc:1    | Found a bloodstained altar of Trog.
 36009 | Orc:2    | Entered Level 2 of the Orcish Mines
 36009 | Orc:2    | Noticed Snorg
 36010 | Orc:2    | Killed Snorg
 36013 | Orc:2    | Noticed an orc warlord
 36208 | Orc:2    | Found a staircase to the Elven Halls.
 36997 | Orc:2    | Noticed an orc warlord
 37177 | Orc:2    | Killed an orc warlord
 37738 | Orc:2    | Found a roughly hewn altar of Beogh.
 37742 | Orc:2    | Reached skill level 5 in Air Magic
 37908 | Orc:2    | Paralysed by an orc sorcerer for 7 turns
 37952 | Orc:2    | Killed an orc warlord
 37963 | Orc:2    | Found Izoic's General Store.
 38271 | Orc:2    | Found Qeacuynn's Antique Weapon Shop.
 38278 | Orc:2    | Bought a glowing dagger for 66 gold pieces
 38337 | Orc:2    | Found Beom's Antique Armour Shop.
 38414 | Orc:2    | Found Wampiz's Jewellery Shop.
 38685 | D:13     | Reached skill level 10 in Spellcasting
 39229 | D:13     | Learned a level 9 spell: Tornado
 39655 | D:13     | Found a gate to the Vaults.
 39772 | D:14     | Found a runed door.
 39783 | D:14     | Found a runed door.
 39802 | D:14     | Found a runed door.
 39859 | D:14     | Reached XP level 16. HP: 71/87 MP: 13/31
 40546 | D:14     | Reduced skill Stealth to level 23
 41011 | D:15     | Entered Level 15 of the Dungeon
 41013 | D:15     | Identified the +3 triple sword of Ruination {antimagic, rElec}
 41013 | D:15     | Noticed Maud
 41101 | D:15     | Noticed Galewin's ghost (journeyman MiBe)
 41122 | D:15     | Found a frozen archway.
 41192 | IceCv    | Entered an ice cave
 42207 | IceCv    | Reduced skill Stealth to level 22
 42207 | IceCv    | Reached skill level 10 in Air Magic
 43181 | D:15     | Killed Maud
 43568 | D:14     | Found a runed door.
 43768 | D:15     | Reduced skill Stealth to level 21
 44078 | D:15     | Killed Galewin's ghost
 44578 | D:15     | Noticed HopefulHyena's ghost (journeyman MiFi)
 44593 | D:15     | Killed HopefulHyena's ghost
 44869 | D:15     | Reduced skill Stealth to level 20
 45346 | D:15     | Found a staircase to the Depths.
 45713 | Elf:1    | Entered Level 1 of the Elven Halls
 45723 | Elf:1    | Noticed Agnes
 45724 | Elf:1    | Identified the amulet of Futigep {rF+ Regen+}
 46931 | Elf:1    | Reached skill level 21 in Stealth
 47666 | Elf:1    | Found Osot's Book Shoppe.
 48944 | Elf:2    | Noticed Louise
 49236 | Shoals:1 | Entered Level 1 of the Shoals
 49240 | Shoals:1 | Identified the cursed +2 trident of the Abyss {pierce, +Fly rN+ Dex+7}
 49260 | Shoals:1 | Reached XP level 17. HP: 58/91 MP: 21/33
 49581 | Shoals:1 | Killed from afar by a merfolk aquamancer

Skill      XL: |  1  2  3  4  5  6  7  8  9 10 11 12 13 14 15 16 |
---------------+-------------------------------------------------+-----
Short Blades   | 2 4 8 |  8.0
Stealth        | 5 6 7 8 12 15 18 20 23 24 21 | 21.7
Hexes          | 4 6 8 9 10 | 10.0
Spellcasting   | 3 4 7 10 11 | 11.4
Fighting       | 1 4 6 9 11 | 11.2
Dodging        | 4 8 9 13 15 | 15.7
Air Magic      | 6 14 | 14.1
Charms         | |  0.8

Action                   |  1- 3 |  4- 6 |  7- 9 | 10-12 | 13-15 | 16-18 || total
-------------------------+-------+-------+-------+-------+-------+-------++-------
Melee: Dagger            |   122 |       |       |       |       |   217 ||   339
       Short sword       |    16 |    51 |   261 |   572 |  1511 |   439 ||  2850
       Spear             |       |       |     4 |       |       |       ||     4
Throw: Stone             |     9 |       |       |     2 |       |       ||    11
       Tomahawk          |       |       |       |       |    34 |    17 ||    51
 Cast: Corona            |    16 |       |       |       |       |       ||    16
       Ensorcelled Hiber |     3 |    23 |    15 |    65 |   209 |    21 ||   336
       Confuse           |     3 |    12 |    68 |   172 |   525 |   199 ||   979
       Dazzling Spray    |       |       |       |       |    81 |    98 ||   179
       Repel Missiles    |       |       |       |       |     2 |       ||     2
       Blink             |       |       |       |       |     1 |     2 ||     3
       Searing Ray       |       |       |       |       |     1 |       ||     1
       Tukima's Dance    |       |       |       |       |     4 |     9 ||    13
       Gell's Gravitas   |       |       |       |       |       |     6 ||     6
       Conjure Flame     |       |       |       |       |       |     1 ||     1
Invok: Curse Item        |     1 |       |     1 |     1 |     4 |     1 ||     8
       Scrying           |       |       |       |       |     1 |       ||     1
       Transfer Knowledg |       |       |       |       |       |     1 ||     1
 Abil: Evoke Flight      |       |       |       |       |       |     1 ||     1
Evoke: Wand              |       |       |       |       |     2 |     1 ||     3
       Phial of floods   |       |       |       |       |     1 |     1 ||     2
       Deck              |       |       |       |       |       |     1 ||     1
       Box of beasts     |       |       |       |       |       |     1 ||     1
  Use: Potion            |     1 |       |       |       |       |       ||     1
       Scroll            |       |       |     1 |    13 |    15 |    14 ||    43
 Stab: Sleeping          |    15 |    22 |    25 |    80 |   220 |    24 ||   386
       Confused          |     1 |     8 |    42 |   120 |   273 |   110 ||   554
       Distracted        |       |       |       |     1 |     4 |     4 ||     9
       Invisible         |       |       |       |       |    25 |    24 ||    49
  Eat: Bread ration      |       |     1 |     1 |     1 |     1 |     1 ||     5
       Royal jelly       |       |       |     1 |     2 |     4 |     2 ||     9
       Pizza             |       |       |       |       |     3 |     1 ||     4
       Fruit             |       |       |       |       |     4 |       ||     4
Armor: Robe              |    10 |     3 |     6 |    14 |    42 |    11 ||    86
Dodge: Dodged            |    83 |    17 |    85 |   199 |   898 |   383 ||  1665
       Deflected         |       |       |       |       |     1 |    19 ||    20
Block: Other             |       |       |       |       |    21 |    42 ||    63
       Reflection        |       |       |       |       |     3 |     5 ||     8
